 Dungeon Crawl Stone Soup version 0.22-a0-362-g535178c (webtiles) character file.

7 Amnesiac the Magician (level 1, -4/14 HPs)
             Began as a Mummy Wizard on Apr 20, 2018.
             Slain by a gnoll (7 damage)
             ... on level 3 of the Dungeon.
             The game lasted 00:02:06 (598 turns).

Amnesiac the Magician (Mummy Wizard)                 Turns: 598, Time: 00:02:07

Health: -4/14      AC:  5    Str: 10    XL:     1   Next: 91%
Magic:  2/5        EV: 12    Int: 17    God:
Gold:   5          SH:  0    Dex: 10    Spells: 7/8 levels left

rFire    x . .     SeeInvis .   b - +0 short sword
rCold    + . .     Gourm    +   (no shield)
rNeg     + + +     Faith    .   a - +0 robe
rPois    ∞         Spirit   .   e - +2 hat
rElec    .         Reflect  .   (no cloak)
rCorr    .         Harm     .   (no gloves)
MR       .....                  d - +0 pair of boots
Stlth    ++........             c - amulet of the gourmand
HPRegen  0.04/turn              (no ring)
MPRegen  0.09/turn              (no ring)

@: no status effects
A: no food or potions, fire vulnerability, cold resistance 1, negative energy
resistance 3, torment resistance, unbreathing
a: no special abilities


You were on level 3 of the Dungeon.
You were not hungry.

You visited 1 branch of the dungeon, and saw 5 of its levels.

You collected 5 gold pieces.

Inventory:

Hand Weapons
 b - a +0 short sword (weapon)
Armour
 a - a +0 robe (worn)
 d - a +0 pair of boots (worn)
 e - a +2 hat (worn)
Jewellery
 c - an amulet of the gourmand (around neck)
Wands
 g - a wand of iceblast (6)
Scrolls
 f - a scroll of enchant armour {!r, unknown}
 h - a scroll of identify {!r, unknown}
 i - a scroll of magic mapping {!r, unknown}


   Skills:
 + Level 0.6 Fighting
 * Level 2.0 Dodging
 - Level 1.5 Stealth
 - Level 4.0 Spellcasting
 - Level 0.7 Conjurations
   Level 0.7 Summonings
   Level 0.7 Translocations


You had 7 spell levels left.
You knew the following spells:

 Your Spells              Type           Power        Failure   Level  Hunger
a - Magic Dart            Conj           #...         12%         1    N/A

Dungeon Overview and Level Annotations

Branches:
Dungeon (5/15)
 Temple: D:4-7

Altars:

Shops:
D:4 !%

Annotations:
D:3 Edmund
D:4 exclusions: ogre and phantom


Innate Abilities, Weirdness & Mutations

You do not eat or drink.
Your flesh is vulnerable to fire.
You are immune to poison.
Your flesh is cold resistant. (rC+)
You are immune to negative energy. (rN+++)
You are immune to unholy pain and torment.
You can survive without breathing.


Message History

The orc moves out of view.
The orc priest cheers repeatedly.
Edmund misses you.
Evoke which item? (* to show all) (? for menu, Esc to quit)
Okay, then.
Edmund asks, "Have you met my wondrous brother?"
Edmund says, "People think my brother is the best.
I think he's crazy."
Really walk into a travel-excluded area?
The ogre shouts!
Edmund says, "People think my brother is the best.
I think he's crazy."
There is a stone staircase leading up here.
Edmund misses you.
You climb upwards.
The gnoll hits you.
* * * LOW HITPOINT WARNING * * *
The frilled lizard barely misses you. The gnoll hits you with a flail.
* * * LOW HITPOINT WARNING * * *
The bat closely misses you.
There is a stone staircase leading down here.
The bat hits you but does no damage.
The frilled lizard hisses.
The gnoll misses you. The bat hits you but does no damage.
Found 14 gold pieces.
The bat barely misses you. The bat misses you.
The bat hits you but does no damage.
The ball python hisses angrily.
Found 7 gold pieces.
The bat hits you but does no damage.
The ball python bites you but does no damage.
The ball python grabs you. The ball python constricts you.
You escape the ball python's grasp.
The bat hits you but does no damage. The bat hits you but does no damage.
The frilled lizard closely misses you. The bat hits you but does no damage.
The bat barely misses you. The bat barely misses you.
The bat completely misses you. The bat hits you but does no damage.
Casting: Magic Dart (safe; 12% risk of failure)
Confirm with . or Enter, or press ? or * to list all spells.
Aiming: Magic Dart (safe; 12% risk of failure)
Press: ? - help, Shift-Dir - straight line, f - bat
Aim: a bat The magic dart hits the bat.
The bat is severely wounded.
The bat closely misses you.
Evoke which item? (* to show all) (? for menu, Esc to quit)
Okay, then.
Casting: Magic Dart (safe; 12% risk of failure)
Confirm with . or Enter, or press ? or * to list all spells.
Aiming: Magic Dart (safe; 12% risk of failure)
Press: ? - help, Shift-Dir - straight line, f/p - bat
Aim: a bat (severely wounded)
The magic dart hits the bat.
You kill the bat!
Your Dodging skill increases to level 2!
A rat comes into view.
The rat misses you.
Casting: Magic Dart (safe; 12% risk of failure)
Confirm with . or Enter, or press ? or * to list all spells.
Aiming: Magic Dart (safe; 12% risk of failure)
Press: ? - help, Shift-Dir - straight line, f - rat
Aim: a rat The magic dart hits the rat.
You kill the rat!
The gnoll hits you!
Ouch! That really hurt!
You die...

#..g...............
#...@........######
#l##....###.##
#.##....# #.#
#@##....###.#
#g##....$##.#
#S##........
#g##.....$..
#.@†......##
####...... ###..


You could see Edmund, 2 gnolls, a ball python and a frilled lizard.

Vanquished Creatures
  A bat (D:3)
  A giant cockroach (D:3)
  A goblin (D:3)
  A hobgoblin (D:3)
  A frilled lizard (D:2)
  A jackal skeleton (D:4)
  A rat (D:3)
7 creatures vanquished.

Notes
Turn   | Place    | Note
-------+----------+-------------------------------------------
     0 | D:1      | Amnesiac the Mummy Wizard began the quest for the Orb.
     0 | D:1      | Reached XP level 1. HP: 13/13 MP: 5/5
   310 | D:4      | Noticed an ogre
   323 | D:5      | Entered Level 5 of the Dungeon
   323 | D:5      | Noticed an orc wizard
   323 | D:5      | Noticed a howler monkey
   332 | D:4      | Noticed a phantom
   333 | D:4      | Found Diul's Distillery.
   448 | D:4      | Found Viguzo's Food Shoppe.
   506 | D:4      | Noticed a big kobold
   510 | D:4      | Noticed an orc priest
   510 | D:5      | Noticed Edmund
   510 | D:5      | Noticed a sky beast
   513 | D:4      | Noticed a worker ant
   598 | D:3      | Slain by a gnoll

Vault maps used:
D:1:      minmay_arrival_widening_spiral_narrow
D:2:      first_ration
D:4:      serial_shops, nicolae_shop_window_shopping, shop,
          nicolae_shop_waterfront, minmay_misc_feat_secret_circle
D:5:      lemuel_coloured_pillars_altar, basic_altar, uniq_edmund

Skill      XL: |  1 |
---------------+----+-----
Dodging        | 2 |  2.0
Fighting       | |  0.6
Stealth        | |  1.5
Spellcasting   | |  4.0
Conjurations   | |  0.7
Summonings     | |  0.7
Translocations | |  0.7

Action                   || total
-------------------------++-------
Melee: Short sword       ||     8
 Cast: Magic Dart        ||    18
Armor: Robe              ||    15
Dodge: Dodged            ||    30

Table legend:
 A = Spawn XP
 B = Non-spawn XP
 C = Spawn XP percentage of total XP
 D = Spawn monster count
 E = Non-spawn monster count
 F = Spawn count percentage of total count
 G = Total turns spent on level
                    A         B        C        D         E        F      G
               +---------+---------+-------+---------+---------+-------+---------
         Total |       0 |      11 |   0.0 |       0 |       7 |   0.0 |   598
               +---------+---------+-------+---------+---------+-------+---------
           D:2 |       0 |       1 |   0.0 |       0 |       1 |   0.0 |    30
           D:3 |       0 |       9 |   0.0 |       0 |       5 |   0.0 |   145
           D:4 |       0 |       1 |   0.0 |       0 |       1 |   0.0 |   268
               +---------+---------+-------+---------+---------+-------+---------
